 Dungeon Crawl Stone Soup version 0.24.1-14-gf8d2b509d9 (webtiles) character file.

Game seed: 9741438910316739870, levelgen mode: deterministic

1063 Hugehornet the Magician (level 8, -1/41 HPs)
             Began as a Deep Elf Wizard on May 21, 2020.
             Was an Initiate of Sif Muna.
             Killed by divine providence
             ... invoked by an orc priest
              (16 damage)
             ... on level 6 of the Dungeon.
             The game lasted 00:21:11 (8543 turns).

Hugehornet the Magician (Deep Elf Wizard)           Turns: 8543, Time: 00:21:12

Health: -1/41      AC:  6    Str:  4    XL:     8   Next: 6%
Magic:  10/19      EV: 13    Int: 26    God:    Sif Muna [......]
Gold:   349        SH:  5    Dex: 20    Spells: 6/19 levels left

rFire    + . .     SeeInvis .   C - +1 short sword (drain)
rCold    . . .     Gourm    .   (no shield)
rNeg     . . .     Faith    .   A - +0 robe {MR+}
rPois    +         Spirit   .   y - +2 helmet "Rurowasia" {Dex+7}
rElec    .         Reflect  +   p - +0 cloak
rCorr    .         Harm     .   (no gloves)
MR       +....                  (no boots)
Stlth    ++........             k - +5 amulet of reflection
HPRegen  0.13/turn              g - ring of protection from fire
MPRegen  0.16/turn              a - ring of poison resistance

@: no status effects
A: no striking features
a: Renounce Religion


You were on level 6 of the Dungeon.
You worshipped Sif Muna.
Sif Muna was noncommittal.
You were not hungry.

You visited 2 branches of the dungeon, and saw 7 of its levels.

You collected 349 gold pieces.

Inventory:

Hand Weapons
 C - a +1 short sword of draining (weapon)
Armour
 p - a +0 cloak (worn)
 y - the +2 helmet "Rurowasia" (worn) {Dex+7}
   (You found it on level 5 of the Dungeon)

   It affects your dexterity (+7).
 A - a +0 robe of magic resistance (worn)
Jewellery
 a - a ring of poison resistance (right hand)
 g - a ring of protection from fire (left hand)
 k - a +5 amulet of reflection (around neck)
 t - an uncursed ring of resist corrosion
Wands
 r - a wand of acid (10)
 x - a wand of flame (13)
Scrolls
 h - 2 scrolls of enchant armour {unknown}
 l - 2 scrolls of random uselessness {unknown}
 m - a scroll of fear {unknown}
 n - a scroll of magic mapping {unknown}
 o - a scroll of enchant weapon {unknown}
 q - a scroll of immolation {unknown}
 u - a scroll of remove curse {unknown}
 v - a scroll of amnesia {unknown}
 w - a scroll of identify
 z - 2 scrolls of teleportation {unknown}
Potions
 b - a potion of lignification {unknown}
 e - 2 potions of magic
 f - a potion of agility
 i - a potion of ambrosia {unknown}
 j - a potion of invisibility {unknown}
 s - a potion of flight {unknown}
 B - 2 potions of curing {unknown}
Comestibles
 d - 7 rations


   Skills:
 - Level 2.0 Short Blades
 - Level 2.4 Dodging
 - Level 2.4 Stealth
 - Level 6.0 Spellcasting
 - Level 5.0 Conjurations
 - Level 3.1 Hexes
 - Level 1.1 Summonings
 - Level 1.1 Translocations
 + Level 4.6 Air Magic
 + Level 4.7 Poison Magic


You had 6 spell levels left.
You knew the following spells:

 Your Spells              Type           Power        Failure   Level  Hunger
a - Magic Dart            Conj           ####         1%          1    None
b - Call Imp              Summ           ##......     7%          2    None
c - Blink                 Tloc           N/A          7%          2    None
d - Slow                  Hex            ###.....     2%          2    None
e - Mephitic Cloud        Conj/Pois/Air  ####....     2%          3    None
f - Conjure Flame         Conj/Fire      ###.....     8%          3    None

Your spell library contained the following spells:

 Spells                   Type           Power        Failure   Level  Hunger


Dungeon Overview and Level Annotations

Branches:
Dungeon (6/15)             Temple (1/1) D:6

Altars:
Ashenzari
Cheibriados
Dithmenos
Elyvilon
Fedhas
Gozag
Hepliaklqana
Kikubaaqudgha
Makhleb
Nemelex Xobeh
Okawaru
Ru
Sif Muna
Uskayaw
Vehumet
Wu Jian
Yredelemnul
Zin


Message History

The magic dart hits the orc warrior but does no damage.
The orc warrior is lightly wounded.
The orc warrior is engulfed in noxious fumes.
Casting: Magic Dart (safe; 1% risk of failure)
Confirm with . or Enter, or press ? or * to list all spells.
Aiming: Magic Dart (safe; 1% risk of failure)
Press: ? - help, Shift-Dir - straight line, f/p - orc warrior
Aim: an orc warrior, wielding a +2 long sword of slicing and wearing a +0 plate armour (moderately wounded, confused)
The magic dart hits the orc warrior but does no damage.
The orc warrior is moderately wounded.
Casting: Magic Dart (safe; 1% risk of failure)
Confirm with . or Enter, or press ? or * to list all spells.
Aiming: Magic Dart (safe; 1% risk of failure)
Press: ? - help, Shift-Dir - straight line, f/p - orc warrior
Aim: an orc warrior, wielding a +2 long sword of slicing and wearing a +0 plate armour (moderately wounded, confused)
The magic dart hits the orc warrior but does no damage.
The orc warrior is moderately wounded.
The orc priest mumbles some strange prayers to Beogh against you.
Beogh smites you!
You die...

#.# #. .# #.# #. ###### .# #.# #.
#....###### .# #.# #. #..>......#
.# #.# #. #####.##.####.####.#
####.#####. #....).............#
#.......##. ##.###..#......P.P..#
#.......##.
...o......###.).@(.####.).....##.
#.......#..o.o.P.P.^.$...........
#..###..#####......####.........#
#..###..#####...#.## #.........#
#..............##.# #.........#
#.####...>........# #.####.....
#.................... ..# #.#..#
...###################### #.#..#
.# #.#..#


You could see an orc warrior (confused) and an orc priest.

Vanquished Creatures
  A phantom (D:5)
  A bullfrog (D:5)
  A howler monkey (D:4)
  2 crimson imps (D:6)
  A centaur zombie (D:3)
  5 orc priests
  2 jellies
  2 bullfrog skeletons
  Jessica (D:2)
  2 worker ants
  An iguana (D:5)
  4 orc wizards
  A howler monkey zombie (D:5)
  A worker ant zombie (D:5)
  Robin (D:4)
  4 gnolls (D:3)
  10 adders
  A shadow imp (D:6)
  An ooze (D:6)
  An adder skeleton (D:4)
  A worm (D:4)
  5 dart slugs
  4 leopard geckos
  22 orcs
  2 ball pythons
  2 giant cockroaches
  13 goblins
  10 hobgoblins
  3 jackals (D:3)
  5 kobolds
  2 quokkas
  9 bats
  A frilled lizard (D:2)
  A kobold skeleton (D:6)
  10 rats
133 creatures vanquished.

Vanquished Creatures (others)
  A goblin (D:4)
1 creature vanquished.

Grand Total: 134 creatures vanquished

Notes
Turn   | Place    | Note
-------+----------+-------------------------------------------
     0 | D:1      | Hugehornet the Deep Elf Wizard began the quest for the Orb.
     0 | D:1      | Reached XP level 1. HP: 10/10 MP: 7/7
   298 | D:1      | Reached XP level 2. HP: 15/15 MP: 6/9
   876 | D:1      | Reached skill level 5 in Spellcasting
   911 | D:1      | Learned a level 2 spell: Call Imp
   914 | D:1      | Learned a level 2 spell: Blink
   917 | D:1      | Learned a level 2 spell: Slow
  1187 | D:2      | Reached XP level 3. HP: 19/19 MP: 2/11
  1412 | D:2      | Reached skill level 1 in Short Blades
  1662 | D:2      | Learned a level 3 spell: Mephitic Cloud
  1673 | D:2      | Found a white marble altar of Elyvilon.
  1783 | D:2      | Reached XP level 4. HP: 22/24 MP: 13/13
  1788 | D:2      | Learned a level 3 spell: Conjure Flame
  1914 | D:2      | Noticed Jessica
  1925 | D:2      | Killed Jessica
  1957 | D:2      | Reached skill level 1 in Poison Magic
  2363 | D:3      | Reached skill level 1 in Air Magic
  2953 | D:3      | Reached XP level 5. HP: 28/28 MP: 9/14
  3206 | D:3      | Found an opulent altar of Gozag.
  4049 | D:3      | Reached XP level 6. HP: 32/32 MP: 10/15
  4475 | D:4      | Noticed Robin
  5181 | D:4      | Killed Robin
  5181 | D:4      | Reached skill level 1 in Hexes
  5243 | D:4      | Found an ancient bone altar of Kikubaaqudgha.
  5243 | D:4      | Found a burning altar of Makhleb.
  5753 | D:3      | Found a shadowy altar of Dithmenos.
  5753 | D:3      | Found a sparkling altar of Nemelex Xobeh.
  5781 | D:5      | Entered Level 5 of the Dungeon
  5853 | D:5      | Reached skill level 6 in Spellcasting
  6160 | D:5      | Reached XP level 7. HP: 30/36 MP: 8/18
  6487 | D:5      | Noticed Ijyb
  6584 | D:5      | Got a steaming helmet
  6595 | D:5      | Identified the +2 helmet "Rurowasia" {Dex+7} (You found it
                  | on level 5 of the Dungeon)
  6955 | D:5      | Found a shattered altar of Ashenzari.
  7574 | D:6      | Reached skill level 5 in Conjurations
  7680 | D:6      | Found a hide-covered altar of Uskayaw.
  7802 | D:6      | Reached XP level 8. HP: 41/41 MP: 14/19
  7964 | D:6      | Found a staircase to the Ecumenical Temple.
  8065 | Temple   | Entered the Ecumenical Temple
  8141 | Temple   | Became a worshipper of Sif Muna the Loreminder
  8543 | D:6      | Killed from afar by an orc priest

Levels and vault maps discovered:
D:1:      lightli_arrival_quake, layout_basic
D:2:      wander_river, layout_loops_corners, elyvilon_altar_5, first_ration,
          uniq_jessica
D:3:      layout_basic, nicolae_overflow_crystal_walls,
          nicolae_overflow_hidden_temple
D:4:      layout_cave_pods, gammafunk_temple_overflow_elements, uniq_robin
D:5:      layout_loops_ring, evilmike_ruin_ashenzari, uniq_ijyb
D:6:      layout_loops_ring, eat_drink_and_be_merry_uskayaw,
          nicolae_tso_besieged_by_evil, minmay_temple_entry_trees
Temple:   compressed_dpeg_circular_temple

Skill      XL: |  1  2  3  4  5  6  7 |
---------------+----------------------+-----
Conjurations   | 2 3 4 5 |  5.0
Spellcasting   | 5 6 |  6.0
Short Blades   | 1 2 |  2.0
Poison Magic   | 1 2 3 4 |  4.7
Air Magic      | 1 2 3 4 |  4.6
Hexes          | 2 3 |  3.1
Dodging        | |  2.4
Stealth        | |  2.4
Summonings     | |  1.1
Translocations | |  1.1

Action                   |  1- 3 |  4- 6 |  7- 9 || total
-------------------------+-------+-------+-------++-------
Melee: Dagger            |    17 |    65 |    11 ||    93
       Short sword       |       |       |     1 ||     1
 Cast: Magic Dart        |    80 |   144 |   134 ||   358
       Mephitic Cloud    |       |    18 |    12 ||    30
       Call Imp          |       |       |     5 ||     5
  Use: Scroll            |       |     4 |       ||     4
 Stab: Sleeping          |     1 |     4 |       ||     5
       Confused          |       |     4 |     2 ||     6
  Eat: Chunk             |     2 |    12 |     5 ||    19
       Ration            |       |     1 |     1 ||     2
Armor: Robe              |     8 |    13 |     8 ||    29
Dodge: Dodged            |    24 |    63 |    27 ||   114
Block: Other             |       |     6 |    10 ||    16
       Reflection        |       |     1 |     2 ||     3
